 Dungeon Crawl Stone Soup version 0.29-a0-270-g1586fc07ea (webtiles) character file.

Game seed: 5199117302588455150

199 Orangeyouglad the Digger (level 5, -1/42 HPs)
             Began as a Deep Dwarf Earth Elementalist on Mar 7, 2022.
             Slain by a scorpion (7 damage)
             ... on level 5 of the Dungeon.
             The game lasted 00:08:12 (3706 turns).

Orangeyouglad the Digger (DDEE)                     Turns: 3706, Time: 00:08:12

Health: -1/42      AC:  6    Str: 12    XL:     5   Next: 48%
Magic:  0/8        EV: 17    Int: 17    God:
Gold:   241        SH:  0    Dex: 13    Spells: 3/9 levels left

rFire   . . .      SeeInvis .   (no weapon)
rCold   . . .      Faith    .   (no shield)
rNeg    . . .      Spirit   .   b - +0 robe
rPois   .          Reflect  .   (no helmet)
rElec   .          Harm     .   (no cloak)
rCorr   .          Rampage  .   (no gloves)
Will    .....                   (no boots)
Stlth   ++........              (no amulet)
HPRegen 0.00/turn               u - +4 ring of protection
MPRegen 0.11/turn               r - +4 ring of evasion

@: no status effects
A: damage resistance, heal wounds, sense surroundings 1, no regeneration
a: Heal Wounds


You were on level 5 of the Dungeon.
You visited 1 branch of the dungeon, and saw 5 of its levels.

You collected 241 gold pieces.

Inventory:

Missiles
 a - 162 stones
 k - 4 poisoned darts
Armour
 b - a +0 robe (worn)
Jewellery
 e - a ring of magical power
 h - a ring of flight
 r - a +4 ring of evasion (right hand)
 u - a +4 ring of protection (left hand)
 E - a +4 ring of slaying
Wands
 C - a wand of paralysis (12)
 G - a wand of flame (21)
Scrolls
 d - a scroll of fear
 g - a scroll of fog
 i - 2 scrolls of identify {unknown}
 m - a scroll of noise {unknown}
 o - a scroll of torment {unknown}
 p - 2 scrolls of blinking {unknown}
 x - a scroll of brand weapon {unknown}
 y - 3 scrolls of magic mapping {unknown}
 B - a scroll of amnesia {unknown}
 F - a scroll of immolation {unknown}
Potions
 c - a potion of magic
 f - 3 potions of flight {unknown}
 j - 2 potions of resistance {unknown}
 l - a potion of degeneration {unknown}
 n - a potion of haste {unknown}
 q - a potion of brilliance {unknown}
 s - a potion of ambrosia {unknown}
 t - 2 potions of berserk rage {unknown}
 v - 2 potions of curing {unknown}
 w - 2 potions of attraction {unknown}
 z - a potion of might {unknown}
 A - 2 potions of heal wounds {unknown}
 D - a potion of mutation {unknown}


   Skills:
 + Level 3.4 Dodging
 + Level 4.0 Stealth
 + Level 2.6 Spellcasting
 + Level 2.2 Transmutations
 + Level 5.1 Earth Magic


You had 3 spell levels left.
You knew the following spells:

 Your Spells              Type           Power      Damage    Failure   Level
a - Sandblast             Erth           38%        2d10      2%          1
b - Passwall              Tmut/Erth      11%        N/A       6%          2
c - Stone Arrow           Conj/Erth      20%        3d8       19%         3

Your spell library contained the following spells:

 Spells                   Type           Power      Damage    Failure   Level
 Beastly Appendage        Tmut           18%        N/A       7%          1
 Wereblood                Tmut           9%         N/A       11%         2
 Spider Form              Tmut/Pois      6%         N/A       34%         3
 Ozocubu's Armour         Ice            2%         N/A       50%         3
 Petrify                  Tmut/Erth      14%        N/A       36%         4
 Ozocubu's Refrigeration  Ice            1%         4d5       100%        7


Dungeon Overview and Level Annotations

Branches:
Dungeon (5/15)
 Temple: D:4-7

Altars:
Gozag

Annotations:
D:3 1 runed translucent door, spaghetti's ghost, amateur DgFi


Innate Abilities, Weirdness & Mutations

You are resistant to damage.
You can heal yourself by infusing magical energy.
You passively map a small area around you.
You do not regenerate.


Message History

Press: ? - help, Q - select action, (/) - cycle Shift-Dir - straight line, f/p - scorpion
Aim: a scorpion (severely wounded, 79% to hit)
The blast of sand hits the scorpion.
The scorpion is severely wounded.
The scorpion stings you. The scorpion completely misses you.
The scorpion attacks as you move away! The scorpion stings you!
* * * LOW HITPOINT WARNING * * *
You are poisoned.
The scorpion poisons you!
Aiming: Sandblast (safe; 2% risk of failure)
Press: ? - help, Q - select action, (/) - cycle Shift-Dir - straight line, f/p - scorpion
Aim: a scorpion (severely wounded, 79% to hit)
The blast of sand misses the scorpion.
The scorpion stings you but does no damage.
The scorpion attacks as you move away! The scorpion closely misses you.
The scorpion stings you!
* * * LOW HITPOINT WARNING * * *
The scorpion attacks as you move away!
The scorpion stings you but does no damage.
The scorpion attacks as you move away! The scorpion misses you.
You are no longer poisoned.
Aiming: Sandblast (safe; 2% risk of failure)
Press: ? - help, Q - select action, (/) - cycle Shift-Dir - straight line, f/p - scorpion
Aim: a scorpion (severely wounded, 79% to hit)
The blast of sand misses the scorpion.
The scorpion barely misses you. The scorpion closely misses you.
The scorpion attacks as you move away! The scorpion stings you.
The scorpion attacks as you move away! The scorpion misses you.
The scorpion attacks as you move away! The scorpion misses you.
The scorpion stings you. The scorpion attacks as you move away!
The scorpion closely misses you. The scorpion attacks as you move away!
The scorpion misses you.
Aiming: Sandblast (safe; 2% risk of failure)
Press: ? - help, Q - select action, (/) - cycle Shift-Dir - straight line, f/p - scorpion
Aim: a scorpion (heavily wounded, 79% to hit)
The blast of sand hits the scorpion.
The scorpion is severely wounded.
The scorpion stings you!
You die...

, .# * , #.# * * * #.>
######.# * #......#
###.####.########
####...............#
#..<...@s...##.#.#.###
,,
#.##.#.###...........#
# #.#.# ##.##.#.#.#.#
, ..#.####.##.....#.#
* ####.........#.###.#
,, ######.##.#.# #.# *
, ** , ** * #.##.#.#
#.# , , , ..##.#.#*#.#
* ,* * ##....... ...,


You could see a scorpion.

Vanquished Creatures
  A centaur (D:3)
  An iguana (D:4)
  5 adders
  3 bats
  An endoplasm (D:4)
  3 giant cockroaches
  8 goblins
  8 hobgoblins
  6 kobolds
  A quokka (D:2)
  3 ball pythons
  4 frilled lizards
  A rat (D:1)
45 creatures vanquished.

Notes
Turn   | Place    | Note
-------+----------+-------------------------------------------
     0 | D:1      | Orangeyouglad the Deep Dwarf Earth Elementalist began the
                  | quest for the Orb.
     0 | D:1      | Reached XP level 1. HP: 15/15 MP: 3/3
    70 | D:1      | Reached skill level 1 in Transmutations
   222 | D:1      | Found a faded altar of an unknown god.
   403 | D:1      | Reached XP level 2. HP: 20/22 MP: 4/4
  1061 | D:2      | Reached XP level 3. HP: 26/28 MP: 6/6
  1175 | D:2      | Found an opulent altar of Gozag.
  1645 | D:2      | Learned a level 2 spell: Passwall
  1649 | D:2      | Learned a level 3 spell: Stone Arrow
  2055 | D:3      | Noticed a centaur
  2058 | D:3      | Found a runed translucent door.
  2061 | D:3      | Killed a centaur
  2062 | D:3      | Reached XP level 4. HP: 16/36 MP: 7/7
  2062 | D:3      | Reached XP level 5. HP: 19/42 MP: 8/8
  2122 | D:3      | Noticed spaghetti's ghost (amateur DgFi)
  2158 | D:3      | Reached skill level 5 in Earth Magic
  3647 | D:5      | Entered Level 5 of the Dungeon
  3706 | D:5      | Slain by a scorpion

Illustrated notes

Levels and vault maps discovered:
D:1:      roderic_crop_circles_arrival_large, layout_basic,
          dilly_ecumenical_altar_fadedgnrine
D:2:      layout_loops_corners, basic_altar, minmay_misc_feat_four_crosses,
          grunt_ministairs_7, nicolae_elevator_lobby_asterisk
D:3:      layout_loops_ring, ebering_ghost_sewer_d, nicolae_elevator_lobby_plus
D:4:      layout_loops_ring
D:5:      layout_loops_ring, minmay_temple_entry_drinking_statues

Skill      XL: |  1  2  3  4  5 |
---------------+----------------+-----
Transmutations | 1 2 |  2.2
Spellcasting   | 2 |  2.6
Stealth        | 3 4 |  4.0
Dodging        | 3 |  3.4
Earth Magic    | 5 |  5.1

Action                   |  1- 3 |  4- 6 || total
-------------------------+-------+-------++-------
Melee: Unarmed           |     1 |       ||     1
 Cast: Sandblast         |    47 |    38 ||    85
  Use: Scroll            |       |     2 ||     2
Armor: Robe              |     6 |     5 ||    11
Dodge: Dodged            |    12 |    22 ||    34

Table legend: (Time is in decaauts)
 A = Elapsed time spent in this place.
 B = Non-inter-level travel time spent in this place.
 C = Inter-level travel time spent in this place.
 D = Time resting spent in this place.
 E = Time spent auto-exploring this place.
 F = Levels seen in this place.
 G = Mean time per level.
                   A        B        C        D        E       F      G
               +--------+--------+--------+--------+--------+-----+--------+
         Total |   3702 |   3581 |    121 |    239 |   2896 |   5 |  740.4 |
       Dungeon |   3702 |   3581 |    121 |    239 |   2896 |   5 |  740.4 |
               +--------+--------+--------+--------+--------+-----+--------+

Top non-repeatable levels by time:
     D:2: 1055 daAuts
     D:3: 1028 daAuts
     D:4: 781 daAuts
     D:1: 778 daAuts
     D:5: 58 daAuts
